 Dungeon Crawl Stone Soup version 0.17-a0-1443-g24042e0 (webtiles) character file.

53 Vlagh the Digger (level 3, -2/19 HPs)
             Began as a Gargoyle Earth Elementalist on June 28, 2015.
             Slain by loganford's ghost (5 damage)
             ... on level 3 of the Dungeon.
             The game lasted 00:14:18 (2343 turns).

Vlagh the Digger (Gargoyle Earth Elementalist)      Turns: 2343, Time: 00:14:18

Health: -2/19      AC:  5    Str: 11    XL:     3   Next: 89%
Magic:  1/7        EV: 12    Int: 16    God:
Gold:   105        SH:  0    Dex: 10    Spells: 3 memorised, 2 levels left

rFire  . . .     SeeInvis .     i - +1 club
rCold  . . .     Clarity  .     b - +0 robe
rNeg   + . .     SustAt   .     (no shield)
rPois  ∞         Gourm    .     (no helmet)
rElec  +         Spirit   .     (no cloak)
rCorr  .         Warding  .     (no gloves)
rMut   .         Stasis   .     (no boots)
MR     .....                    (no amulet)
Stlth  ++........               (no ring)
                                (no ring)

@: very slightly contaminated, not resistant to hostile enchantments, unstealthy
A: negative energy resistance 1, electricity resistance, unbreathing,
petrification resistance, rot immunity, AC +3
a: no special abilities


You were on level 3 of the Dungeon.
You were hungry.

You visited 1 branch of the dungeon, and saw 3 of its levels.

You collected 105 gold pieces.

Inventory:

Hand weapons
 i - a +1 club (weapon)
 t - a cursed -2 dagger
 u - a +0 club
 v - a +0 club
 B - a cursed -1 quarterstaff
Missiles
 a - 42 stones (quivered)
 r - 12 bolts of flame
Armour
 b - a +0 robe (worn)
 j - a +0 robe
 o - a +0 pair of gloves
 p - a cursed +0 pair of gloves
Magical staves
 x - an uncursed staff of air {unknown}
Scrolls
 k - 2 scrolls of fog
 l - 9 scrolls of identify {unknown}
 s - a scroll of remove curse {unknown}
 y - a scroll of magic mapping {unknown}
 A - a scroll of blinking {unknown}
Potions
 f - a potion of curing {unknown}
 g - a potion of lignification {unknown}
 m - 2 potions of flight {unknown}
 q - a potion of haste {unknown}
 w - 2 potions of heal wounds {unknown}
Books
 c - a book of Geomancy

   Spells                             Type                      Level
   a - Sandblast                      Earth                        1
   b - Stoneskin                      Transmutation/Earth          2
   c - Passwall                       Transmutation/Earth          3
   d - Stone Arrow                    Conjuration/Earth            3
   e - Petrify                        Transmutation/Earth          4
   f - Lee's Rapid Deconstruction     Earth                        5
Comestibles
 d - a bread ration
 h - a beef jerky
 n - a chunk of flesh
 z - a slice of pizza


   Skills:
 - Level 1.5 Dodging
 - Level 2.1 Stealth
 * Level 3.4 Spellcasting
 - Level 0.7 Transmutations
 + Level 4.1 Earth Magic


You had 2 spell levels left.
You knew the following spells:

 Your Spells              Type           Power        Failure   Level  Hunger
a - Sandblast             Erth           ###...       3%          1    None
b - Stoneskin             Trmt/Erth      ##......     12%         2    ##.....
c - Stone Arrow           Conj/Erth      #.....       28%         3    ###....


Dungeon Overview and Level Annotations

Branches:
Dungeon (3/15)

Altars:
Elyvilon
Gozag
Makhleb

Annotations:
D:3 loganford's ghost, weakling DrTm


Innate Abilities, Weirdness & Mutations

You are resistant to torment.
Your stone body is resilient (AC +3).
You are immune to poison.
You resist negative energy.
You are resistant to electric shocks.
You can survive without breathing.
You are immune to petrification.
You are immune to rotting.


Message History

You miscast Stone Arrow.
You are very lightly contaminated with residual magic.
Nothing appears to happen.
Loganford's ghost hits you!
Casting: Stone Arrow
Confirm with . or Enter, or press ? or * to list all spells.
You don't know that spell.
You hit loganford's ghost.
Loganford's ghost is heavily damaged.
Loganford's ghost hits you!
* * * LOW HITPOINT WARNING * * *
Loganford's ghost hits you.
* * * LOW HITPOINT WARNING * * *
As you read the scroll labeled AQAOMEK VOCE, it crumbles to dust.
It is a scroll of enchant weapon.
Enchant which weapon? (? for menu, Esc to quit)
Your +0 club glows red for a moment.
Loganford's ghost barely misses you.
As you read the scroll labeled FAASAN BEWIL, it crumbles to dust.
The scroll dissolves into smoke.
It was a scroll of fog.
Loganford's ghost hits you.
You die...

#.... #.# #.#
##### #.# #.#
#.# #.# #.#
######.# #..
###.)....# #.#
.... .§# #..
.######.####§##
#..
.......!.§W@§§#
#..
..#####.#.###§#
##. #.#.# #.#
#. #.#.#
#.####### ##
#....
#.......#####
###.#
#######.....#
... #.....# ..)
#.....# ##....#
#


You could see loganford's ghost.

Vanquished Creatures
  An adder (D:3)
  An ooze (D:2)
  2 giant geckos (D:2)
  A ball python (D:1)
  4 bats (D:2)
  2 giant cockroaches (D:2)
  3 hobgoblins
  5 kobolds
  6 giant newts
  2 goblins
  3 jackals (D:1)
  11 rats
41 creatures vanquished.

Notes
Turn   | Place    | Note
--------------------------------------------------------------
     0 | D:1      | Vlagh the Gargoyle Earth Elementalist began the quest for the Orb.
     0 | D:1      | Reached XP level 1. HP: 10/10 MP: 3/3
   307 | D:1      | Reached XP level 2. HP: 15/15 MP: 2/5
  1146 | D:2      | Found an opulent altar of Gozag.
  1293 | D:2      | Reached XP level 3. HP: 19/19 MP: 2/7
  1342 | D:2      | Learned a level 2 spell: Stoneskin
  1346 | D:2      | Learned a level 3 spell: Stone Arrow
  1532 | D:2      | Found a white marble altar of Elyvilon.
  1609 | D:2      | Reached skill level 4 in Earth Magic
  1634 | D:2      | Found a burning altar of Makhleb.
  1646 | D:2      | Noticed an Executioner
  2331 | D:3      | Noticed loganford's ghost (weakling DrTm)
  2343 | D:3      | Slain by loganford's ghost

Vault maps used:
D:1:      dpeg_arrival_round_c
D:2:      nicolae_gozag_cash_rules_everything_around_me,
          makhleb_altar_promises_db, elyvilon_altar_1, minmay_bisected
D:3:      xom_butterflies, nicolae_overflow_crystal_walls

Action                   || total
-------------------------++-------
Melee: Club              ||    23
 Cast: Sandblast         ||    61
       Stone Arrow       ||     1
  Use: Scroll            ||     2
  Eat: Chunk             ||     4
